 Dungeon Crawl Stone Soup version 0.30-a0-297-g0ec75d9ef4 (webtiles) character file.

Game seed: 362599924155861033

8 MrRokkomies the Sneak (level 2, -1/26 HPs)
             Began as an Armataur Delver on Oct 18, 2022.
             Slain by an orc
             ... wielding a +0 hand axe
              (7 damage)
             ... on level 5 of the Dungeon.
             The game lasted 00:00:53 (59 turns).

MrRokkomies the Sneak (Armataur Delver)               Turns: 59, Time: 00:00:53

Health: -1/26      AC:  4    Str: 17    XL:     2   Next: 0%
Magic:  2/2        EV:  9    Int: 10    God:
Gold:   0          SH:  0    Dex: 11    Spells: 1/1 levels left

rFire   . . .      SeeInvis .    h - +0 rapier
rCold   . . .      Faith    .    (no shield)
rNeg    . . .      Spirit   .    b - +0 leather armour
rPois   .          Reflect  .    (no helmet)
rElec   .          Harm     .    (no cloak)
rCorr   .          Roll     +    (no gloves)
Will    .....                    (no barding)
Stlth   +++.......               (no amulet)
HPRegen 0.24/turn                (no ring)
MPRegen 0.08/turn                (no ring)

@: hasted, very quick
A: large, rugged brown scales 3, deformed body, armoured tail, roll, long
tongue, awkward tongue
a: no special abilities


You were on level 5 of the Dungeon.
You visited 1 branch of the dungeon, and saw 1 of its levels.

Inventory:

Hand Weapons
 a - a +0 mace
 h - a +0 rapier (weapon)
Armour
 b - a +0 leather armour (worn)
Wands
 g - a wand of digging (3)
Scrolls
 c - a scroll of fog
 d - a scroll of magic mapping
 e - a scroll of fear


   Skills:
 * Level 2.9 Fighting
 - Level 1.7 Maces & Flails
 * Level 1.1 Armour
 + Level 1.5 Dodging
 - Level 5.4 Stealth


You had one spell level left.
You didn't know any spells.
Your spell library was empty.

Dungeon Overview and Level Annotations

Branches:
Dungeon (5/15)
 Temple: D:4-7

Altars:


Innate Abilities, Weirdness & Mutations

You are completely covered in rugged brown scales. (AC +3, +7% HP)
Armour fits poorly on your strangely shaped body.
You have a long armoured tail.
You roll when moving toward enemies. (Rampage)
Your long tongue fully drains potion bottles. (2x potion effects)
Your tongue gives you trouble enunciating. (1.5x scroll delay)


Message History

The orc is lightly wounded.
The orc hits you with a +0 hand axe. x2; The orc barely misses you.
You hit the orc but do no damage. The orc hits you with a +0 hand axe.
You hit the orc.
The orc is lightly wounded.
You hit the orc but do no damage.
The orc is lightly wounded.
The orc hits you with a +0 hand axe.
You closely miss the orc.
The orc is lightly wounded.
The orc closely misses you.
You hit the orc.
The orc is moderately wounded.
The orc hits you with a +0 hand axe.
* * * LOW HITPOINT WARNING * * *
You hit the orc.
Your tail-slap misses the orc.
The orc is heavily wounded.
You hit the orc.
You kill the orc!
Your Armour skill increases to level 1!
You hit the orc.
The orc is severely wounded.
The orc closely misses you.
You closely miss the orc.
The orc is severely wounded.
The orc barely misses you.
You hit the orc.
You kill the orc!
An orc comes into view. It is wielding a +0 hand axe.
You have reached level 2!
The orc shouts!
You hit the orc but do no damage.
The orc is lightly wounded.
You barely miss the orc.
The orc is lightly wounded.
The orc hits you but does no damage.
You hit the orc.
The orc is almost dead.
The orc hits you with a +0 hand axe!
You die...

o#.##.### .#
^oo. ...##.#
##..##.#....$
...#......
#.##..#.##.# #.
#.##........ #.
#.)oo.......
#..
####o####..>
#... ###@####
##...###..>...#
c..........##.#
...........##.#
..........###.#
##...###......#
#.. ########


You could see 3 orcs.

Vanquished Creatures
  4 orcs (D:5)
4 creatures vanquished.

Notes
Turn   | Place    | Note
-------+----------+-------------------------------------------
     0 | D:5      | MrRokkomies the Armataur Delver began the quest for the
                  | Orb.
     0 | D:5      | Reached XP level 1. HP: 19/19 MP: 1/1
    11 | D:5      | Noticed a centaur
    54 | D:5      | Reached skill level 1 in Armour
    57 | D:5      | Reached XP level 2. HP: 5/26 MP: 2/2
    59 | D:5      | Slain by an orc

Illustrated notes

Levels and vault maps discovered:
D:5:      minmay_octagon_keep, layout_loops_cross, temple_hall, serial_shops,
          shop, uniq_grinder

Skill      XL: |  1 |
---------------+----+-----
Armour         | 1 |  1.1
Fighting       | |  2.9
Maces & Flails | |  1.7
Dodging        | |  1.5
Stealth        | |  5.4

Action                   || total
-------------------------++-------
Melee: Rapier            ||    23
       Punch             ||     1
  Use: Potion            ||     1
Armor: Leather armour    ||     2
Dodge: Dodged            ||     7

Table legend: (Time is in decaauts)
 A = Elapsed time spent in this place.
 B = Non-inter-level travel time spent in this place.
 C = Inter-level travel time spent in this place.
 D = Time resting spent in this place.
 E = Time spent auto-exploring this place.
 F = Levels seen in this place.
 G = Mean time per level.
                   A        B        C        D        E       F      G
               +--------+--------+--------+--------+--------+-----+--------+
         Total |     53 |     53 |      0 |      3 |      5 |   1 |   53.0 |
       Dungeon |     53 |     53 |      0 |      3 |      5 |   1 |   53.0 |
               +--------+--------+--------+--------+--------+-----+--------+

Top non-repeatable levels by time:
     D:5: 53 daAuts
